 Dungeon Crawl Stone Soup version 0.20-a0-1111-g4e342e6 (webtiles) character file.

78 Dolanko the Slasher (level 4, 0/38 HPs)
             Began as a Draconian Gladiator on May 6, 2017.
             Succumbed to an adder's poison
             ... on level 3 of the Dungeon.
             The game lasted 00:02:26 (1281 turns).

Dolanko the Slasher (Draconian Gladiator)           Turns: 1281, Time: 00:02:26

Health: 0/38       AC:  8    Str: 19 (21) XL:     4   Next: 15%
Magic:  4/4        EV: 13    Int:  7 (8)  God:
Gold:   111        SH:  0    Dex: 12 (14) Spells: 3/3 levels left

rFire    x . .     SeeInvis .   a - +0 long sword
rCold    + . .     Gourm    .   (no shield)
rNeg     . . .     Faith    .   (armour unavailable)
rPois    .         Spirit   .   b - +0 hat
rElec    .         Reflect  .   (no cloak)
rCorr    .         Harm     .   s - +2 pair of gloves
MR       .....                  (no boots)
Stlth    +.........             (no amulet)
Regen    0.2/turn               m - ring of ice
MPRegen  0.1/turn               (no ring)

@: mighty, lethally poisoned (0 -> -5), hasted, very quick
A: unfitting armour, cold-blooded, AC +5
a: no special abilities


You were on level 3 of the Dungeon.
You were not hungry.

You visited 1 branch of the dungeon, and saw 3 of its levels.

You collected 111 gold pieces.

Inventory:

Hand Weapons
 a - a +0 long sword (weapon)
Missiles
 c - 3 throwing nets (quivered)
Armour
 b - a +0 hat (worn)
 s - a +2 pair of gloves (worn)
Jewellery
 m - a ring of ice (left hand)
Scrolls
 e - 2 scrolls of remove curse {unknown}
 f - 2 scrolls of identify {unknown}
 h - a scroll of immolation {unknown}
 j - 2 scrolls of enchant weapon {unknown}
 k - 2 scrolls of teleportation {unknown}
 q - a scroll of fear {unknown}
 r - a scroll of blinking {unknown}
 t - a scroll of recharging {unknown}
Potions
 p - a potion of degeneration
Comestibles
 d - 3 bread rations
 g - 3 fruits
 i - 2 royal jellies
 n - a meat ration


   Skills:
 + Level 3.0 Fighting
 * Level 4.2 Long Blades
 - Level 1.7 Throwing
 + Level 3.2 Dodging


You had 3 spell levels left.
You didn't know any spells.

Dungeon Overview and Level Annotations

Branches:
Dungeon (3/15)

Altars:

Annotations:
D:3 Ijyb


Innate Abilities, Weirdness & Mutations

Your plain brown scales are hard. (AC +5)
You cannot fit into any form of body armour.
You are cold-blooded and may be slowed by cold attacks.


Message History

You are confused.
You bump into the rock wall.
You feel sick.
The worker ant bites you but does no damage.
You bump into the rock wall.
The worker ant bites you but does no damage.
You're too confused to move!
You feel sick. The worker ant barely misses you.
You feel sick. The worker ant misses you.
You bump into the rock wall.
The worker ant bites you.
* * * LOW HITPOINT WARNING * * *
You feel sick. The worker ant barely misses you.
You closely miss the worker ant.
Your tail-slap misses the worker ant.
You miss the worker ant.
You feel less confused. The worker ant bites you!
* * * LOW HITPOINT WARNING * * *
Ijyb zaps a wand.
You resist with some effort.
You completely miss the worker ant.
You die...

..... .#
....###.##
#####....... #
..........# .#
#.........##.#
# #..........#
#.#.....<....#
#..........###
###...@g.#.#
##.#.a.#.### #
#.#.#...#
#.#...#.
#.##'##.#
###...# #
#...8...#
........###
...<....###


You could see Ijyb and a worker ant.

Vanquished Creatures
  2 adders
  An ooze (D:1)
  4 worms (D:2)
  2 dart slugs
  3 leopard geckos
  2 giant cockroaches
  8 goblins
  2 hobgoblins
  2 jackals (D:2)
  3 kobolds
  4 bats (D:2)
  2 frilled lizards
  3 rats
38 creatures vanquished.

Notes
Turn   | Place    | Note
-------+----------+-------------------------------------------
     0 | D:1      | Dolanko the Draconian Gladiator began the quest for the Orb.
     0 | D:1      | Reached XP level 1. HP: 17/17 MP: 1/1
    98 | D:1      | Reached XP level 2. HP: 25/25 MP: 2/2
   518 | D:2      | Reached XP level 3. HP: 30/30 MP: 3/3
   684 | D:2      | Reached skill level 4 in Long Blades
  1240 | D:3      | Reached XP level 4. HP: 37/37 MP: 4/4
  1249 | D:3      | Noticed Ijyb
  1280 | D:3      | HP: 1/38 [worker ant (8)]
  1281 | D:3      | Succumbed to an adder's poison

Vault maps used:
D:1:      enne_arrival_octagon_isle, corexii_leaking_fountain
D:2:      kennysheep_generic_room_13
D:3:      grunt_ministairs_13, fedhas_altar_3, uniq_ijyb

Skill      XL: |  1  2  3  4 |
---------------+-------------+-----
Dodging        | 3 |  3.2
Long Blades    | 4 |  4.2
Fighting       | 3 |  3.0
Throwing       | |  1.7

Action                   |  1- 3 |  4- 6 || total
-------------------------+-------+-------++-------
Melee: Long sword        |    74 |    11 ||    85
       Tailslap          |    13 |       ||    13
  Use: Potion            |       |     3 ||     3
 Stab: Sleeping          |     2 |       ||     2
  Eat: Chunk             |     1 |       ||     1
Armor: Skin              |    14 |     9 ||    23
Dodge: Dodged            |    61 |    16 ||    77
       Rpst.: Long sword |    22 |     4 ||    26
